 Dungeon Crawl Stone Soup version 0.26.1-11-gd32895ea62 (webtiles) character file.

Game seed: 11915938424138661311

327 dtburroughs the Skirmisher (level 6, 0/84 HPs)
             Began as a Minotaur Berserker on May 17, 2021.
             Was a Believer of Trog.
             Slain by an ogre
             ... wielding a cursed -2 giant club
              (4 damage)
             ... on level 4 of the Dungeon.
             The game lasted 00:05:17 (2745 turns).

dtburroughs the Skirmisher (Minotaur Berserker)     Turns: 2745, Time: 00:05:18

Health: 0/84       AC:  9    Str: 22    XL:     6   Next: 24%
Magic:  5/5        EV: 12    Int:  6    God:    Trog [**....]
Gold:   133        SH:  0    Dex:  9    Spells: 5/5 levels left

rFire    . . .     SeeInvis .   a - +0 hand axe
rCold    + . .     Faith    .   (no shield)
rNeg     . . .     Spirit   .   g - +2 ring mail {rC+}
rPois    .         Reflect  .   (helmet restricted)
rElec    .         Harm     .   (no cloak)
rCorr    .         Rampage  .   k - +0 pair of gloves (curse)
Will     .....                  (no boots)
Stlth    ..........             (no amulet)
HPRegen  0.24/turn              (no ring)
MPRegen  0.09/turn              (no ring)

@: berserking, very quick
A: retaliatory headbutt, horns 2
a: Renounce Religion, Berserk, Trog's Hand


You were on level 4 of the Dungeon.
You worshipped Trog.
Trog was pleased with you.
You visited 1 branch of the dungeon, and saw 4 of its levels.

You collected 133 gold pieces.

Inventory:

Hand Weapons
 a - a +0 hand axe (weapon)
Armour
 g - a +2 ring mail of cold resistance (worn)
 k - a cursed +0 pair of gloves (worn)
Jewellery
 c - a cursed amulet of inaccuracy {unknown}
 e - a +4 ring of protection {unknown}
 f - an uncursed ring of poison resistance {unknown}
Scrolls
 d - 2 scrolls of magic mapping {unknown}
 h - a scroll of remove curse {unknown}
 i - 3 scrolls of identify {unknown}
 j - 2 scrolls of teleportation {unknown}
 m - a scroll of enchant weapon {unknown}
 o - a scroll of immolation {unknown}
Potions
 b - 3 potions of curing {unknown}
 l - a potion of haste {unknown}
 n - a potion of mutation {unknown}
 p - a potion of heal wounds {unknown}


   Skills:
 + Level 5.3 Fighting
 + Level 5.2 Axes
 + Level 4.5 Armour
 + Level 4.0 Dodging


You had 5 spell levels left.
You didn't know any spells.
Your spell library was empty.

Dungeon Overview and Level Annotations

Branches:
Dungeon (4/15)
 Temple: D:4-7

Altars:


Innate Abilities, Weirdness & Mutations

You reflexively headbutt those who attack you in melee.
You have a pair of horns on your head.


Message History

The ogre shouts!
You hear a bark!
You hit the ogre.
The ogre is lightly wounded.
The ogre completely misses you. You furiously retaliate!
You headbutt the ogre. You hit the ogre.
The ogre is moderately wounded.
You hit the ogre.
The ogre is heavily wounded.
The ogre hits you with a cursed -2 giant club!!
* * * LOW HITPOINT WARNING * * *
You hit the ogre.
The ogre is severely wounded.
The ogre hits you but does no damage.
You hit the ogre but do no damage. Your headbutt misses the ogre.
The ogre is severely wounded.
The ogre barely misses you.
A red film seems to cover your vision as you go berserk!
You feel yourself moving faster!
You feel mighty!
The ogre hits you with a cursed -2 giant club.
You die...

..... #..
..#.. #..
.... #.#
##..# #.##
.....##..#
#.#.....#
#.....###
#...#.†.##
##...†.O@##
#.......#..<#
#.....#.#..##
###...#....#
##.....###
###...# ##.##
#. #.


You could see an ogre.

Vanquished Creatures
  2 scorpions (D:4)
  A howler monkey (D:4)
  2 worker ants (D:4)
  3 adders
  4 gnolls (D:2)
  2 oozes (D:3)
  An adder skeleton (D:4)
  A worm (D:2)
  2 leopard geckos
  3 orcs (D:3)
  2 giant cockroaches
  7 hobgoblins
  2 quokkas (D:3)
  4 bats
  6 frilled lizards
  7 goblins
  8 kobolds
  11 rats
68 creatures vanquished.

Notes
Turn   | Place    | Note
-------+----------+-------------------------------------------
     0 | D:1      | dtburroughs the Minotaur Berserker began the quest for the
                  | Orb.
     0 | D:1      | Reached XP level 1. HP: 19/19 MP: 0/0
   302 | D:1      | Reached XP level 2. HP: 20/27 MP: 1/1
   948 | D:2      | Reached ** piety under Trog
   971 | D:2      | Reached XP level 3. HP: 33/33 MP: 2/2
  1040 | D:2      | Reached XP level 4. HP: 28/41 MP: 3/3
  2574 | D:3      | Reached XP level 5. HP: 47/47 MP: 4/4
  2668 | D:4      | Reached skill level 5 in Fighting
  2668 | D:4      | Reached skill level 5 in Axes
  2691 | D:4      | Reached XP level 6. HP: 34/56 MP: 5/5
  2742 | D:4      | HP: 2/56 [ogre/cursed -2 giant club (20)]
  2745 | D:4      | Slain by an ogre

Illustrated notes

Levels and vault maps discovered:
D:1:      wander_arrival_estate, layout_loops_ring
D:2:      layout_basic, supply_closet_lemuel
D:3:      layout_basic, minmay_misc_feat_chi
D:4:      layout_cave_pools, nicolae_dithmenos_shadow_blocks, fedhas_altar_2

Skill      XL: |  1  2  3  4  5  6 |
---------------+-------------------+-----
Fighting       | 4 5 |  5.3
Axes           | 4 5 |  5.2
Armour         | 3 4 |  4.5
Dodging        | 3 4 |  4.0

Action                   |  1- 3 |  4- 6 || total
-------------------------+-------+-------++-------
Melee: Hand axe          |    60 |   102 ||   162
       Headbutt          |    11 |    15 ||    26
Invok: Berserk           |       |     1 ||     1
Armor: Animal skin       |     6 |       ||     6
       Ring mail         |    13 |    38 ||    51
Dodge: Dodged            |    32 |    73 ||   105
